 Dungeon Crawl Stone Soup version 0.31-b1-22-gc680215f68 (webtiles) character file.

Game seed: 13391631740403254058

2503 Phinehas the Twirler (level 9, -3/71 HPs)
             Began as a Green Draconian Gladiator on Jan 18, 2024.
             Was a Priest of Qazlal.
             Incinerated by a bombardier beetle (9 damage)
             ... with a burning spray
             ... on level 6 of the Dungeon.
             The game lasted 00:22:09 (6736 turns).

Phinehas the Twirler (Green Draconian Gladiator)    Turns: 6736, Time: 00:22:10

Health: -3/71      AC:  7    Str: 17    XL:     9   Next: 28%
Magic:  10/13      EV: 13    Int: 12    God:    Qazlal [***...]
Gold:   275        SH:  4    Dex: 13    Spells: 7/14 levels left

rFire   x . .        a - +2 quarterstaff
rCold   + . .        (shield currently unavailable)
rNeg    . . .        (body armour unavailable)
rPois   +            b - +0 hat
rElec   .            (no cloak)
rCorr   .            (no gloves)
SInv    .            (no boots)
Will    .....        (no amulet)
Stlth   +            j - ring of ice
HPRegen 0.31/turn    (no ring)
MPRegen 0.13/turn

%: no passive effects
@: brilliant, on fire, short of breath, glowing
A: breathe noxious fumes, AC +7, unfitting armour, poison resistance,
cold-blooded
a: Breathe Noxious Fumes, Renounce Religion, Upheaval, Elemental Force


You were on level 6 of the Dungeon.
You worshipped Qazlal.
Qazlal was most pleased with you.
You visited 1 branch of the dungeon, and saw 7 of its levels.

You collected 275 gold pieces.

Inventory:

Hand Weapons
 a - a +2 quarterstaff (weapon)
Missiles
 c - 2 throwing nets
Armour
 b - a +0 hat (worn)
Jewellery
 j - a ring of ice (left hand)
 l - a ring of ice
 x - a ring of flight
Talismans
 g - a blade talisman
 p - a flux talisman
Scrolls
 h - a scroll of poison
 o - a scroll of immolation
Potions
 d - a potion of ambrosia
 e - 2 potions of attraction
 f - 2 potions of cancellation
 k - 2 potions of degeneration
 m - 4 potions of might
 n - a potion of haste {unknown}
 t - a potion of mutation {unknown}
 u - a potion of curing
 v - a potion of heal wounds {unknown}


   Skills:
 * Level 4.1 Fighting
 * Level 2.9(4.8) Polearms
 * Level 6.1(6.4) Staves
 * Level 3.6 Throwing
 * Level 4.6 Dodging
 * Level 3.7 Stealth
 * Level 3.1 Spellcasting
 * Level 2.8 Conjurations
 * Level 1.6 Hexes
 * Level 2.4 Air Magic
 * Level 2.7 Invocations
 * Level 2.6 Evocations
 * Level 2.2 Shapeshifting


You had 7 spell levels left.
You knew the following spells:

 Your Spells              Type           Power      Damage    Failure   Level
a - Searing Ray           Conj           26%        2d5       12%         2
b - Static Discharge      Conj/Air       24%        3-4/arc   12%         2
c - Tukima's Dance        Hex            8%         N/A       36%         3

Your spell library contained the following spells:

 Spells                   Type           Power      Damage    Failure   Level
 Magic Dart               Conj           52%        1d5       8%          1
 Foxfire                  Conj/Fire      28%        2x1d5     14%         1
 Ensorcelled Hibernation  Hex/Ice        16%        N/A       26%         2
 Swiftness                Air            11%        N/A       26%         3
 Gell's Gravitas          Tloc           2%         N/A       58%         3
 Passwall                 Erth           2%         N/A       58%         3
 Teleport Other           Tloc           2%         N/A       58%         3
 Airstrike                Air            5%         2d(1-17)  65%         4
 Fulminant Prism          Conj/Alch      3%         3d5       80%         4
 Iskenderun's Mystic Bla  Conj/Tloc      7%         2d4       80%         4
 Summon Lightning Spire   Summ/Air       7%         N/A       82%         4
 Dimensional Bullseye     Hex/Tloc       2%         N/A       86%         4
 Dispersal                Tloc           1%         N/A       100%        6
 Plasma Beam              Fire/Air       3%         2x1d13    100%        6
 Sculpt Simulacrum        Ice/Alch       2%         N/A       100%        6
 Starburst                Conj/Fire      3%         6d3       100%        6
 Ozocubu's Refrigeration  Ice            2%         4d7       100%        7
 Polar Vortex             Ice            2%         N/A       100%        9


Dungeon Overview and Level Annotations

Branches:
Dungeon (7/15)             Temple (0/1) D:4

Altars:
Ashenzari
Dithmenos
Qazlal


Innate Abilities, Weirdness & Mutations

You can breathe blasts of noxious fumes.
Your lurid green scales are hard. (AC +7)
You cannot fit into any form of body armour.
Your system is resistant to poisons. (rPois)
You are cold-blooded and may be slowed by cold attacks.


Message History

The bombardier beetle sprays incendiary fluid at you.
The burning spray hits you.
You are covered in liquid fire!
The searing ray hits the bombardier beetle!
You kill the bombardier beetle!
Qazlal accepts your kill. The liquid fire burns you!
The orc wizard hits the bombardier beetle with a +0 dagger.
Unknown command.
You shake off some of the fire as you move.
The liquid fire burns you!
The bombardier beetle sprays incendiary fluid at you.
The burning spray hits you.
You are even more covered in liquid fire!
The orc wizard barely misses the bombardier beetle.
The orc wizard hits itself with a +0 dagger.
There is a stone staircase leading up, spattered with blood here.
You see here a howler monkey corpse.
The liquid fire burns you!
* * * LOW HITPOINT WARNING * * *
The orc wizard seems less confused.
You shake off some of the fire as you move.
You climb upwards.
The liquid fire burns you!
* * * LOW HITPOINT WARNING * * *
There is a stone staircase leading down here.
It was a potion of brilliance.
You feel clever all of a sudden. The liquid fire burns you!
* * * LOW HITPOINT WARNING * * *
Unknown command.
It was a potion of curing.
You feel better. The liquid fire burns you!
* * * LOW HITPOINT WARNING * * *
You feel better. The liquid fire burns you!
* * * LOW HITPOINT WARNING * * *
You shake off some of the fire as you move.
The liquid fire burns you!
You die...

##.### ###.........#....
#...#####...........#....
##
###.##<##...........##'##
.#
#.##.##...........##.##
.#
#....##.##........##...
.#
###..##.##........#####
.# ##.##.##........#....
.######
#....#########.#.#..
.'....# #.#@○# #.#....
.####.# #.#>.# #.#.... .#
#.# #.#.## #)##.##
.####.# #.#.# #.##.##
......# #.#.# #.##.##
##############.#.#
#######.##'##
#..........#.#
#...........#
#####.##########÷#
#...........# ......#
#........# #...........#


There were no monsters in sight!

Vanquished Creatures
  The ghost of Villanelle the Sneak, a novice HuBr of Ru (D:6)
  Menkaure (D:6)
  Edmund (D:5)
  2 water moccasins (D:6)
  A sky beast (D:6)
  3 black bears
  2 centaurs (D:6)
  3 ogres (D:5)
  A phantom (D:6)
  A bullfrog (D:6)
  4 scorpions
  A howler monkey (D:7)
  6 bombardier beetles
  An orc priest (D:6)
  2 hounds
  Ijyb (D:4)
  A sleepcap (D:6)
  2 iguanas
  2 orc wizards (D:6)
  7 adders
  A white imp (D:5)
  An ufetubus (D:5)
  2 ribbon worms
  2 dart slugs
  5 orcs
  8 bats
  8 endoplasms
  10 giant cockroaches
  16 goblins
  4 hobgoblins
  8 kobolds
  A quokka (D:1)
  5 ball pythons
  12 rats
126 creatures vanquished.

Notes
Turn   | Place    | Note
-------+----------+-------------------------------------------
     0 | D:1      | Phinehas the Draconian Gladiator began the quest for the
                  | Orb.
     0 | D:1      | Reached XP level 1. HP: 17/17 MP: 1/1
   128 | D:1      | Reached XP level 2. HP: 24/24 MP: 2/2
   280 | D:2      | Found a stormy altar of Qazlal.
   309 | D:2      | Became a worshipper of Qazlal Stormbringer
   588 | D:2      | Reached XP level 3. HP: 29/30 MP: 3/3
   614 | D:2      | Learned a level 2 spell: Searing Ray
   778 | D:2      | Found a faded altar of an unknown god.
   779 | D:2      | Noticed a great orb of eyes
   784 | D:2      | Noticed a golden eye
   784 | D:2      | Noticed a great orb of eyes
   784 | D:2      | Noticed a golden eye
  1286 | D:2      | Reached skill level 1 in Stealth
  1539 | D:1      | Reached * piety under Qazlal
  2028 | D:3      | Reached XP level 4. HP: 37/37 MP: 4/4
  2034 | D:3      | Reached skill level 1 in Polearms
  2942 | D:4      | Noticed Ijyb
  2955 | D:4      | Killed Ijyb
  2956 | D:4      | Reached skill level 1 in Spellcasting
  2956 | D:4      | Reached XP level 5. HP: 27/42 MP: 4/7
  3250 | D:4      | Reached ** piety under Qazlal
  3305 | D:4      | Found a staircase to the Ecumenical Temple.
  3553 | D:4      | Reached skill level 4 in Staves
  3619 | D:4      | Learned a level 2 spell: Static Discharge
  3700 | D:4      | Reached XP level 6. HP: 50/50 MP: 8/8
  3931 | D:5      | Entered Level 5 of the Dungeon
  4028 | D:5      | Reached skill level 1 in Invocations
  4049 | D:5      | Reached skill level 1 in Conjurations
  4049 | D:5      | Reached skill level 1 in Shapeshifting
  4188 | D:5      | Your scales start taking on a lurid green colour.
  4188 | D:5      | Reached XP level 7. HP: 39/57 MP: 9/9
  4188 | D:5      | Gained mutation: Your system is resistant to poisons.
                  | (rPois) [Green Draconian growth]
  4405 | D:5      | Reached skill level 1 in Evocations
  4405 | D:5      | Noticed Edmund
  4427 | D:5      | Killed Edmund
  4428 | D:5      | Reached skill level 1 in Air Magic
  4440 | D:5      | Learned a level 3 spell: Tukima's Dance
  4495 | D:5      | Found a broken altar of Ashenzari.
  4822 | D:5      | Reached skill level 5 in Staves
  5210 | D:6      | Reached XP level 8. HP: 17/63 MP: 11/11
  5478 | D:6      | Reached *** piety under Qazlal
  5556 | D:6      | Reached skill level 1 in Hexes
  5681 | D:6      | Noticed Menkaure
  5686 | D:6      | Killed Menkaure
  6032 | D:6      | Identified the +3 scale mail of the Albatross {rElec rPois
                  | rN+}
  6272 | D:6      | Found a shadowy altar of Dithmenos.
  6361 | D:6      | Found a runed translucent door.
  6361 | D:6      | Noticed Villanelle's ghost (novice HuBr)
  6389 | D:6      | Reached XP level 9. HP: 70/71 MP: 7/13
  6394 | D:6      | Killed Villanelle's ghost
  6395 | D:6      | Reached skill level 6 in Staves
  6736 | D:6      | Incinerated by a bombardier beetle

Illustrated notes

Levels and vault maps discovered:
D:1:      onia_arrival_pentagram, layout_basic
D:2:      layout_loops_corners, basic_altar,
          hellmonk_ecumenical_altar_watching_god, chequers_serial_rivers_small_a
D:3:      layout_loops_ring, minmay_checkerbox
D:4:      kennysheep_the_goblin_king, layout_loops_corners,
          minmay_temple_entry_enclosed_plants
D:5:      layout_loops_cross, mainiacjoe_overflow_concentric_impassable,
          kennysheep_crisscross, uniq_edmund
D:6:      layout_basic, grunt_dithmenos_smoke, ebering_ghost_inner_flame,
          uniq_menkaure
D:7:      layout_loops_cross, trog_butcher_becter, grunt_ministairs_6,
          dk_vineyard_3

Skill      XL: |  1  2  3  4  5  6  7  8  9 |
---------------+----------------------------+-----
Dodging        | 3 4 |  4.6
Throwing       | 2 3 |  3.6
Stealth        | 1 2 3 |  3.7
Polearms       | 1 2 |  2.9
Spellcasting   | 1 2 3 |  3.1
Staves         | 4 5 6 |  6.1
Invocations    | 1 2 |  2.7
Conjurations   | 1 2 |  2.8
Shapeshifting  | 1 2 |  2.2
Fighting       | 3 4 |  4.1
Evocations     | 1 2 |  2.6
Air Magic      | 1 2 |  2.4
Hexes          | 1 |  1.6

Action                     |  1- 3 |  4- 6 |  7- 9 || total
---------------------------+-------+-------+-------++-------
  Melee: Quarterstaff      |   131 |   117 |    88 ||   336
         Tailslap          |    21 |    17 |    11 ||    49
  Throw: Javelin           |    11 |       |       ||    11
         Throwing net      |       |     3 |       ||     3
         Boomerang         |       |    29 |     4 ||    33
   Cast: Searing Ray       |     1 |     4 |    20 ||    25
         Static Discharge  |       |       |     2 ||     2
Ability: Breathe Noxious F |       |       |    16 ||    16
  Evoke: Wand              |       |     3 |     4 ||     7
    Use: Scroll            |     3 |     3 |     9 ||    15
         Potion            |       |       |     4 ||     4
   Stab: Held in net/web   |       |     1 |       ||     1
         Confused          |       |       |     3 ||     3
 Armour: Skin              |    86 |    71 |    82 ||   239
  Dodge: Dodged            |   100 |    76 |    90 ||   266
  Block: Other             |     2 |     3 |    26 ||    31
